 Dungeon Crawl Stone Soup version 0.29-a0-322-g68df515428 (console) character file.

Game seed: 7528941749621293398

112385 Ignak the Thaumaturge (level 16, -6/125 HPs)
             Began as a Gnoll Hedge Wizard on Apr 6, 2022.
             Was an Elder of Sif Muna.
             Hit by a large rock thrown by a cyclops (25 damage)
             ... on level 14 of the Dungeon.
             The game lasted 02:13:30 (32655 turns).

Ignak the Thaumaturge (Gnoll Hedge Wizard)         Turns: 32655, Time: 02:13:30

Health: -6/125     AC: 19    Str: 14    XL:     16   Next: 60%
Magic:  7/33       EV: 26    Int: 20    God:    Sif Muna [****..]
Gold:   523        SH: 13    Dex: 16    Spells: 3/41 levels left

rFire   . . .      SeeInvis .   a - +9 war axe {flame, *Corrode rElec Str+3}
rCold   + . .      Faith    .   I - +1 buckler {rC+}
rNeg    . . .      Spirit   .   v - +4 troll leather armour
rPois   .          Reflect  +   W - +2 hat {Stlth+}
rElec   +          Harm     .   M - scarf {repulsion}
rCorr   .          Rampage  .   H - +2 pair of gloves {hurl}
Will    +....      Clarity  +   z - +2 pair of boots
Stlth   ++++++....              w - amulet of reflection
HPRegen 1.10/turn               y - ring "Ecvit" {Wiz Will+ Dex+4}
MPRegen 0.23/turn               R - ring of the Hare {EV+8}

@: lethally poisoned (-6 -> -15), about to teleport, weak-willed, radiating
poison, repel missiles
A: fangs 1, strong nose, distributed training, antennae 1, clarity, wild magic 1
a: Renounce Religion, Channel Magic, Forget Spell, Divine Exegesis


You were on level 14 of the Dungeon.
You worshipped Sif Muna.
Sif Muna was greatly pleased with you.
You visited 4 branches of the dungeon, and saw 23 of its levels.
You also visited: Ice Cave.

You collected 3180 gold pieces.
You spent 2657 gold pieces at shops.

Inventory:

Hand Weapons
 a - the +9 war axe of Numic (weapon) {flame, *Corrode rElec Str+3}
   (You bought it in a shop on level 3 of the Dungeon)

   It burns those it strikes, dealing additional fire damage.
   Big, fiery blades are also staple armaments of hydra-hunters.
   Str:       It affects your strength (+3).
   rElec:     It insulates you from electricity.
   *Corrode:  It may corrode you when you take damage.
 b - the +4 war axe of Glory {vamp, *Slow +Blink rF++ Int+9}
   (You bought it in a shop on level 2 of the Orcish Mines)

   It occasionally heals its wielder for a portion of the damage dealt when it
   wounds a living foe.
   Int:       It affects your intelligence (+9).
   rF:        It greatly protects you from fire.
   +Blink:    It lets you blink.
   *Slow:     It may slow you when you take damage.
 k - the +0 staff of Battle
   (You found it on level 12 of the Dungeon)

   It enhances your conjuration magic.
   It summons a battlesphere in combat, with strength depending on Conjurations
   skill.
   Its strikes trigger the battlesphere's blasts.
 s - a +0 longbow
 A - a +0 rapier of freezing
 F - a +4 double sword of freezing
 T - the +6 mace "Eplenuw" {holy, Will+ Str+2}
   (You bought it in a shop on level 2 of the Orcish Mines)

   It has been blessed by the Shining One to cause great damage to the undead
   and demons.
   Str:       It affects your strength (+2).
   Will:      It increases your willpower.
Missiles
 L - 37 poisoned darts (quivered)
Armour
 j - +0 ice dragon scales
 n - +0 swamp dragon scales
 v - a +4 troll leather armour (worn)
 z - a +2 pair of boots (worn)
 H - a +2 pair of gloves of hurling (worn)
 I - a +1 buckler of cold resistance (worn)
 M - a scarf of repulsion (worn)
 Q - a +2 kite shield
 S - +0 acid dragon scales
 W - a +2 hat of stealth (worn)
Jewellery
 h - a ring of protection from cold
 m - the ring "Cavus" {AC+4 Dex+4}
   (You found it on level 2 of the Dungeon)

   [ring of protection]

   AC:        It affects your AC (+4).
   Dex:       It affects your dexterity (+4).
 q - a ring of flight
 w - an amulet of reflection (around neck)
 y - the ring "Ecvit" (left hand) {Wiz Will+ Dex+4}
   (You acquired it on level 2 of the Orcish Mines)

   [ring of wizardry]

   It improves your spell success rate.
   Dex:       It affects your dexterity (+4).
   Will:      It increases your willpower.
 C - an amulet of the acrobat
 D - the ring "Ipeejee" {rF+ Slay+4}
   (You found it on level 4 of the Lair of Beasts)

   [ring of slaying]

   Slay:      It affects your accuracy & damage with ranged weapons and melee
   (+4).
   rF:        It protects you from fire.
 R - the ring of the Hare (right hand) {EV+8}
   (You acquired it on level 1 of the Orcish Mines)

   [ring of evasion]

   EV:        It affects your evasion (+8).
Wands
 c - a wand of flame (14)
 E - a wand of paralysis (5)
 J - a wand of iceblast (13)
Scrolls
 i - a scroll of blinking
 r - 2 scrolls of brand weapon
 t - 3 scrolls of magic mapping
 x - 4 scrolls of enchant weapon
 K - 3 scrolls of teleportation
 N - 2 scrolls of silence
 O - 2 scrolls of holy word
 U - a scroll of fog
 V - a scroll of fear
 Z - a scroll of amnesia
Potions
 d - 2 potions of magic
 e - 6 potions of might
 f - 3 potions of flight
 g - 3 potions of haste
 l - 4 potions of mutation
 o - 7 potions of lignification
 p - 3 potions of curing
 u - a potion of cancellation
 B - 5 potions of brilliance
 P - 2 potions of heal wounds
 X - 3 potions of berserk rage
Miscellaneous
 G - a phial of floods (inert)


   Skills:
 + Level 11.0 Fighting
 + Level 11.0 Short Blades
 + Level 11.0 Long Blades
 + Level 11.0 Axes
 + Level 11.0 Maces & Flails
 + Level 11.0 Polearms
 + Level 11.0 Staves
 + Level 11.0 Slings
 + Level 11.0 Bows
 + Level 11.0 Crossbows
 + Level 11.0 Throwing
 + Level 11.0 Armour
 + Level 11.9 Dodging
 + Level 11.8 Stealth
 + Level 11.0 Shields
 + Level 11.0 Unarmed Combat
 + Level 13.0 Spellcasting
 + Level 9.5 Conjurations
 + Level 9.3 Hexes
 + Level 9.5 Summonings
 + Level 9.3 Necromancy
 + Level 9.5 Translocations
 + Level 9.3 Transmutations
 + Level 9.3 Fire Magic
 + Level 9.3 Ice Magic
 + Level 9.3 Air Magic
 + Level 9.3 Earth Magic
 + Level 9.3 Poison Magic
 + Level 12.0 Invocations
 + Level 11.0 Evocations


You had 3 spell levels left.
You knew the following spells:

 Your Spells              Type           Power      Damage    Failure   Level
a - Airstrike             Air            30%        N/A       1%          4
b - Blink                 Tloc           100%       N/A       1%          2
c - Stone Arrow           Conj/Erth      100%       3d13      1%          3
d - Mephitic Cloud        Conj/Pois/Air  60%        N/A       1%          3
e - Summon Cactus Giant   Summ           30%        N/A       12%         6
f - Fireball              Conj/Fire      30%        3d13      2%          5
g - Cause Fear            Hex            30%        N/A       1%          4
h - Searing Ray           Conj           100%       2d8       1%          2
q - Ozocubu's Armour      Ice            60%        N/A       1%          3
t - Passwall              Tmut/Erth      50%        N/A       1%          2
z - Olgreb's Toxic Radia  Pois           60%        N/A       1%          4

Your spell library contained the following spells:

 Spells                   Type           Power      Damage    Failure   Level
 Magic Dart               Conj           100%       1d8       1%          1
 Pain                     Necr           100%       1d9       1%          1
 Sandblast                Erth           100%       2d20      1%          1
 Shock                    Conj/Air       100%       1d9       1%          1
 Slow                     Hex            100%       N/A       1%          1
 Call Imp                 Summ           61%        N/A       1%          2
 Scorch                   Fire           100%       2d10      1%          2
 Confusing Touch          Hex            60%        N/A       1%          3
 Conjure Flame            Conj/Fire      60%        6-21      1%          3
 Inner Flame              Hex/Fire       60%        N/A       1%          3
 Swiftness                Air            60%        N/A       1%          3
 Tukima's Dance           Hex            60%        N/A       1%          3
 Vampiric Draining        Necr           60%        2d10      1%          3
 Anguish                  Hex/Necr       30%        N/A       1%          4
 Flame Wave               Conj/Fire      60%        2d12      1%          4
 Fulminant Prism          Conj/Hex       30%        3d16      1%          4
 Hailstorm                Conj/Ice       60%        3d13      1%          4
 Ice Form                 Ice/Tmut       60%        N/A       1%          4
 Passage of Golubria      Tloc           61%        N/A       1%          4
 Agony                    Necr           60%        N/A       2%          5
 Excruciating Wounds      Necr           30%        N/A       2%          5
 Freezing Cloud           Conj/Ice/Air   30%        6-21      2%          5
 Yara's Violent Unravell  Hex/Tmut       30%        3d13      2%          5
 Conjure Ball Lightning   Conj/Air       30%        3x3d10    12%         6
 Iron Shot                Conj/Erth      30%        9d6       12%         6
 Simulacrum               Ice/Necr       30%        N/A       13%         6
 Malign Gateway           Summ/Tloc      30%        N/A       47%         7
 Enfeeble                 Hex            30%        N/A       52%         7
 Ozocubu's Refrigeration  Ice            30%        4d11      52%         7
 Disjunction              Tloc           30%        N/A       98%         8
 Summon Horrible Things   Summ           30%        N/A       98%         8
 Borgnjor's Revivificati  Necr           30%        N/A       99%         8
 Discord                  Hex            30%        N/A       99%         8
 Ignition                 Fire           30%        3d10      99%         8


Dungeon Overview and Level Annotations

Branches:
Dungeon (14/15)            Temple (1/1) D:5            Lair (6/6) D:9
 Shoals (0/4) Lair:4        Snake (0/4) Lair:3        Slime (0/5) Lair:5
    Orc (2/2) D:11            Elf (0/3) Orc:2        Vaults (0/5) D:14
  IceCv (visited)

Altars:
Ashenzari
Cheibriados
Dithmenos
Elyvilon
Fedhas
Gozag
Hepliaklqana
Kikubaaqudgha
Makhleb
Nemelex Xobeh
Okawaru
Qazlal
Ru
Sif Muna
Trog
Uskayaw
Vehumet
Wu Jian
Xom
Yredelemnul
Zin
The Shining One
Beogh
Jiyva

Shops:
D:3 (   D:10 *   D:11 [   Orc:1 [*   Orc:2 :*[(

Annotations:
D:3 3 runed translucent doors, Iidacon's ghost, amateur DDHu; hemabe71's ghost, novice HuAr


Innate Abilities, Weirdness & Mutations

You have very sharp teeth.
Your uncanny sense of smell can sniff out nearby items.
Your experience applies equally to all skills.
You have a pair of small antennae on your head.
You possess an exceptional clarity of mind.
Your spells are a little harder to cast, but a little more powerful.


Message History

You blink.
Splash!
You fall into the shallow water.
Moving in this stuff is going to be slow.
You feel sick.
The guardian serpent casts a spell at you.
The bolt of poison misses you. The phantasmal warrior gestures at you.
The phantasmal warrior blinks!
As you read the scroll of teleportation, it crumbles to dust.
You feel strangely unstable.
You feel sick.
The guardian serpent coils itself and waves its upper body at you.
The bolt of poison hits you but does no damage.
You are more poisoned.
The phantasmal warrior barely misses you.
The phantasmal warrior gestures at you.
The phantasmal warrior blinks!
You feel much better.
You feel very sick.
The guardian serpent coils itself and waves its upper body at you.
The bolt of poison hits you!
You are more poisoned.
The phantasmal warrior hits you!
* * * LOW HITPOINT WARNING * * *
Casting: Blink (safe; 1% risk of failure)
Confirm with . or Enter, or press ? or * to list all spells.
You blink.
You feel very sick. The phantasmal warrior gestures at you.
The phantasmal warrior blinks!
Casting: Blink (safe; 1% risk of failure)
Confirm with . or Enter, or press ? or * to list all spells.
You begin to radiate toxic energy.
The cyclops looks even sicker. x2
You feel very sick.
The guardian serpent coils itself and waves its upper body at you.
You resist with some effort. The phantasmal warrior gestures at you.
The phantasmal warrior blinks!
The cyclops throws a large rock.
The large rock hits you!!
You die...

###.# ###.[.### *∩,,* #...#
##≈......##*,,,* #..##
##≈≈.....#≈##,,,* ..†##
#≈≈).......≈#,,,* ##..#
##≈.....)...≈##,,*****
....########≈...≈###...≈≈#,,,,,,,
.........C.#≈..##≈..##C≈≈#,,,,,,,
..##......##≈.#...≈..S.≈≈##,,,,,,
#.*#......#≈≈...@.≈(.RW≈≈≈#,,,,,,
..*#...####.≈≈...≈§≈≈.C°≈≈#,,,,,,
.#*#...#u.#.≈≈≈≈≈≈≈≈≈≈≈≈≈.#,,,,,,
.###...'..#.≈≈.≈≈≈##≈≈≈≈≈○#,,,,,,
.......#..#W≈≈≈≈≈≈#≈≈.≈≈≈^#,,,,,,
.......#..#.≈≈≈≈≈≈≈≈≈..≈≈≈#,∆,∆,,
.......#..#≈≈≈.≈≈≈≈≈.#.≈≈≈#,,,,,,
.......#####.....≈.....#.##,,,,,,
...........#≈....≈###...≈*,,,,,,,


You could see a cyclops (very poisoned), 2 phantasmal warriors, a guardian
serpent (ally target), an efreet and a friendly cactus giant (summoned).

Vanquished Creatures
  Rupert (D:13)
  3 frost giants (IceCv)
  Nessos (D:14)
  A white draconian (IceCv)
  A fire dragon (Lair:6)
  2 boulder beetles
  4 ice dragons (IceCv)
  6 hydras
  4 ironbound frosthearts (IceCv)
  8 nameless horrors
  2 dancing weapons (D:14)
  7 two-headed ogres
  7 centaur warriors
  2 death knights
  A tengu warrior (D:13)
  3 orc high priests (Orc:2)
  7 skeletal warriors
  4 lindwurms (Lair:6)
  A swamp dragon (Lair:6)
  2 phantasmal warriors
  An orange crystal statue (IceCv)
  3 deep elf pyromancers
  5 orc knights
  5 orc sorcerers
  2 cyclopes
  A manticore (D:13)
  6 ugly things
  A wolf spider (Lair:6)
  10 black mambas
  4 elephants
  A guardian serpent (Lair:6)
  A gargoyle (D:13)
  12 rime drakes
  22 cane toads
  14 komodo dragons
  A kobold demonologist (D:9)
  2 ice devils (D:11)
  4 trolls
  3 meliai (D:14)
  9 polar bears
  4 hornets
  12 dream sheep
  41 blink frogs
  A wraith (D:10)
  A shadow (D:11)
  8 wyverns
  A dire elephant simulacrum (D:11)
  A vampire (D:12)
  4 basilisks
  2 redbacks (Lair:6)
  43 yaks
  2 steam dragons (Lair:6)
  A warg (Orc:1)
  Menkaure (D:4)
  5 acid dragons
  2 nagas (Lair:3)
  24 water moccasins
  30 orc warriors
  2 sky beasts (D:5)
  7 black bears
  4 ogres
  7 wolves
  14 centaurs
  10 bullfrogs
  3 kobold brigands
  7 gnoll sergeants
  2 scorpions (D:5)
  3 necrophages
  6 wights
  An elephant simulacrum (D:11)
  14 killer bees
  3 electric eels (Lair:1)
  2 howler monkeys
  18 orc priests
  13 hounds
  3 jellies
  3 gnoll shamans (D:6)
  8 iguanas
  35 orc wizards
  2 wolf simulacra (D:11)
  39 gnolls
  8 adders
  A shadow imp (D:5)
  2 white imps
  An ufetubus (D:6)
  2 worms (D:2)
  4 dart slugs
  65 orcs
  5 endoplasms
  4 giant cockroaches
  6 goblins
  11 hobgoblins
  7 jackals
  3 quokkas
  5 ball pythons
  5 bats
  2 frilled lizards (D:1)
  18 kobolds
  4 rats
  2 fulminant prisms
718 creatures vanquished.

Vanquished Creatures (collateral kills)
  Gastronok (Lair:1)
  2 orc warlords (Orc:2)
  3 ironbound frosthearts (IceCv)
  A centaur warrior (D:14)
  A tengu warrior (D:13)
  An orc high priest (Orc:2)
  A cyclops (D:13)
  3 ugly things (D:14)
  3 rime drakes (IceCv)
  A tengu conjurer (D:14)
  4 polar bears (IceCv)
  A basilisk (D:13)
  An acid dragon (D:14)
  5 orc warriors
  An ogre (Orc:1)
  A killer bee (D:8)
  2 nameless horrors (IceCv)
  A jelly (D:6)
  2 orc priests
  An orc wizard (Orc:1)
  4 orcs (Orc:1)
  2 kobolds (D:3)
  A bat (D:3)
  3 ball lightnings (D:12)
46 creatures vanquished.

Vanquished Creatures (others)
  2 ice dragons (IceCv)
  A komodo dragon (Lair:6)
  A warg (Orc:1)
  A swamp drake (Lair:6)
  2 orc warriors (Orc:1)
  An ogre (Orc:1)
  An orc wizard (Orc:2)
  An orc (Orc:1)
  40 ball lightnings
  2 bushes (Lair:2)
  70 fulminant prisms
  31 fungi
  78 plants
  6 withered plants (D:3)
237 creatures vanquished.

Grand Total: 1001 creatures vanquished

Notes
Turn   | Place    | Note
-------+----------+-------------------------------------------
     0 | D:1      | Ignak the Gnoll Hedge Wizard began the quest for the Orb.
     0 | D:1      | Reached XP level 1. HP: 13/13 MP: 8/8
     6 | D:1      | Noticed a water moccasin
     6 | D:1      | Noticed a lindwurm
     7 | D:1      | Noticed a five-headed hydra
   459 | D:1      | Reached XP level 2. HP: 19/19 MP: 10/10
   465 | D:1      | Learned a level 2 spell: Blink
   468 | D:1      | Learned a level 2 spell: Call Imp
  1108 | D:2      | Found a faded altar of an unknown god.
  1182 | D:2      | Reached XP level 3. HP: 25/25 MP: 11/11
  1186 | D:2      | Learned a level 3 spell: Mephitic Cloud
  1328 | D:2      | Identified the ring "Cavus" {AC+4 Dex+4}
  1763 | D:2      | Reached skill level 1 in Invocations
  1833 | D:2      | Reached skill level 1 in Fighting
  1833 | D:2      | Reached skill level 1 in Short Blades
  1833 | D:2      | Reached skill level 1 in Long Blades
  1833 | D:2      | Reached skill level 1 in Axes
  1833 | D:2      | Reached skill level 1 in Maces & Flails
  1833 | D:2      | Reached skill level 1 in Polearms
  1833 | D:2      | Reached skill level 1 in Staves
  1833 | D:2      | Reached skill level 1 in Slings
  1833 | D:2      | Reached skill level 1 in Bows
  1833 | D:2      | Reached skill level 1 in Crossbows
  1833 | D:2      | Reached skill level 1 in Throwing
  1833 | D:2      | Reached skill level 1 in Armour
  1833 | D:2      | Reached skill level 1 in Shields
  1833 | D:2      | Reached skill level 1 in Unarmed Combat
  1833 | D:2      | Reached skill level 1 in Evocations
  2118 | D:3      | Reached XP level 4. HP: 31/32 MP: 13/13
  2737 | D:3      | Found a broken altar of Ashenzari.
  2799 | D:3      | Found Qimy's Antique Weapon Shoppe.
  2842 | D:3      | Reached skill level 1 in Hexes
  2842 | D:3      | Reached skill level 1 in Necromancy
  2842 | D:3      | Reached skill level 1 in Transmutations
  2842 | D:3      | Reached skill level 1 in Fire Magic
  2842 | D:3      | Reached skill level 1 in Ice Magic
  2842 | D:3      | Reached skill level 1 in Air Magic
  2842 | D:3      | Reached skill level 1 in Earth Magic
  2842 | D:3      | Reached skill level 1 in Poison Magic
  2849 | D:3      | Found a runed translucent gate.
  2849 | D:3      | Found a runed translucent gate.
  2850 | D:3      | Found a runed translucent gate.
  2853 | D:3      | Noticed hemabe71's ghost (novice HuAr)
  2853 | D:3      | Noticed Iidacon's ghost (amateur DDHu)
  3090 | D:3      | Learned a level 2 spell: Searing Ray
  3371 | D:4      | Reached XP level 5. HP: 37/37 MP: 8/14
  3468 | D:4      | Noticed Menkaure
  3792 | D:4      | Killed Menkaure
  3793 | D:4      | Reached XP level 6. HP: 44/44 MP: 5/16
  4014 | D:4      | Reached skill level 5 in Dodging
  4562 | D:4      | Noticed a black bear
  4581 | D:4      | Killed a black bear
  4582 | D:4      | Reached XP level 7. HP: 43/50 MP: 7/18
  4834 | D:5      | Entered Level 5 of the Dungeon
  4858 | D:5      | Found a staircase to the Ecumenical Temple.
  4913 | D:5      | Reached skill level 5 in Stealth
  4954 | D:5      | Reached XP level 8. HP: 52/57 MP: 2/19
  5737 | D:5      | Reached skill level 8 in Spellcasting
  5869 | D:5      | Found a white marble altar of Elyvilon.
  5890 | Temple   | Entered the Ecumenical Temple
  6093 | Temple   | Became a worshipper of Sif Muna the Loreminder
  6885 | D:3      | Bought a polished war axe for 246 gold pieces
  6885 | D:3      | Identified the +9 war axe of Numic {flame, *Corrode rElec
                  | Str+3} (You bought it in a shop on level 3 of the Dungeon)
  7459 | D:6      | Reached XP level 9. HP: 51/65 MP: 18/21
  7883 | D:6      | Reached * piety under Sif Muna
  8029 | D:6      | Found a hazy altar of Hepliaklqana.
  8070 | D:6      | Found an opulent altar of Gozag.
  8813 | D:7      | Found an iron altar of Okawaru.
  8838 | D:6      | Gained mutation: You have a pair of small antennae on your
                  | head. [potion of mutation]
  8838 | D:6      | Gained mutation: You possess an exceptional clarity of
                  | mind. [potion of mutation]
  8838 | D:6      | Gained mutation: Your spells are a little harder to cast,
                  | but a little more powerful. [potion of mutation]
  9186 | D:7      | Reached ** piety under Sif Muna
  9200 | D:7      | Reached skill level 5 in Invocations
  9921 | D:8      | Noticed a two-headed ogre
  9934 | D:8      | Killed a two-headed ogre
  9935 | D:8      | Reached XP level 10. HP: 73/73 MP: 11/22
 10066 | D:8      | Reached skill level 5 in Fighting
 10066 | D:8      | Reached skill level 5 in Short Blades
 10066 | D:8      | Reached skill level 5 in Long Blades
 10066 | D:8      | Reached skill level 5 in Axes
 10066 | D:8      | Reached skill level 5 in Maces & Flails
 10066 | D:8      | Reached skill level 5 in Polearms
 10066 | D:8      | Reached skill level 5 in Staves
 10066 | D:8      | Reached skill level 5 in Slings
 10066 | D:8      | Reached skill level 5 in Bows
 10066 | D:8      | Reached skill level 5 in Crossbows
 10066 | D:8      | Reached skill level 5 in Throwing
 10066 | D:8      | Reached skill level 5 in Armour
 10066 | D:8      | Reached skill level 5 in Shields
 10066 | D:8      | Reached skill level 5 in Unarmed Combat
 10066 | D:8      | Reached skill level 5 in Evocations
 10126 | D:8      | Learned a level 2 spell: Passwall
 10130 | D:8      | Learned a level 3 spell: Stone Arrow
 10584 | D:8      | Found a basalt altar of Yredelemnul.
 10646 | D:8      | Noticed a two-headed ogre
 10664 | D:8      | Killed a two-headed ogre
 10665 | D:8      | Reached skill level 9 in Spellcasting
 10935 | D:9      | Found an ancient bone altar of Kikubaaqudgha.
 11172 | D:9      | Noticed an elephant
 11173 | D:9      | Found a staircase to the Lair.
 11193 | D:9      | Reached skill level 5 in Conjurations
 11193 | D:9      | Reached skill level 5 in Summonings
 11193 | D:9      | Reached skill level 5 in Translocations
 11195 | D:9      | Killed an elephant
 11337 | D:9      | Noticed a kobold demonologist
 11352 | D:9      | Reached *** piety under Sif Muna
 11358 | D:9      | Killed a kobold demonologist
 11825 | D:9      | Noticed a two-headed ogre
 11833 | D:9      | Killed a two-headed ogre
 11834 | D:9      | Reached XP level 11. HP: 64/81 MP: 21/24
 12059 | D:10     | Entered Level 10 of the Dungeon
 12059 | D:10     | Found Daontoipp's Assorted Antiques.
 12110 | D:10     | Noticed a centaur warrior
 12118 | D:10     | Killed a centaur warrior
 12119 | D:10     | Reached skill level 5 in Hexes
 12119 | D:10     | Reached skill level 5 in Necromancy
 12119 | D:10     | Reached skill level 5 in Transmutations
 12119 | D:10     | Reached skill level 5 in Fire Magic
 12119 | D:10     | Reached skill level 5 in Ice Magic
 12119 | D:10     | Reached skill level 5 in Air Magic
 12119 | D:10     | Reached skill level 5 in Earth Magic
 12119 | D:10     | Reached skill level 5 in Poison Magic
 12346 | D:10     | Noticed a two-headed ogre
 12356 | D:10     | Killed a two-headed ogre
 12637 | D:10     | Learned a level 4 spell: Cause Fear
 12723 | D:11     | Found a staircase to the Orcish Mines.
 12790 | D:11     | Noticed an orc knight
 13067 | D:11     | Killed an orc knight
 13357 | D:11     | Found Duff's Antique Armour Boutique.
 13363 | D:11     | Noticed a phantasmal warrior
 13371 | D:11     | Killed a phantasmal warrior
 13431 | D:11     | Reached **** piety under Sif Muna
 13483 | D:11     | Noticed a boulder beetle
 13500 | D:11     | Noticed a death knight
 14055 | D:11     | Killed a boulder beetle
 14276 | D:11     | Killed a death knight
 14276 | D:11     | Noticed a skeletal warrior
 14523 | D:12     | Noticed a cyclops
 14527 | D:12     | Noticed a skeletal warrior
 14527 | D:12     | Noticed a skeletal warrior
 14527 | D:12     | Noticed a skeletal warrior
 14527 | D:12     | Noticed a skeletal warrior
 14532 | D:12     | Noticed Rupert
 14589 | D:11     | Killed a skeletal warrior
 14590 | D:11     | Reached skill level 10 in Spellcasting
 14590 | D:11     | Reached XP level 12. HP: 27/89 MP: 7/26
 15262 | Orc:1    | Entered Level 1 of the Orcish Mines
 15262 | Orc:1    | Noticed a two-headed ogre
 15941 | D:11     | Learned a level 4 spell: Fulminant Prism
 16128 | D:11     | Learned a level 6 spell: Conjure Ball Lightning
 16400 | Orc:1    | Killed a two-headed ogre
 16553 | Orc:1    | Found Xobajipp's Antique Armour Emporium.
 16728 | Orc:1    | Identified 2 scrolls of acquirement
 16736 | Orc:1    | Acquired the ring of the Hare {EV+8}
 16736 | Orc:1    | Found the ring of the Hare {EV+8}
 16740 | Orc:1    | Acquired 827 gold pieces
 16777 | Orc:2    | Entered Level 2 of the Orcish Mines
 17181 | Orc:2    | Found a staircase to the Elven Halls.
 17234 | Orc:2    | Noticed an orc high priest
 17250 | Orc:2    | Noticed an orc high priest
 17255 | Orc:2    | Killed an orc high priest
 17274 | Orc:2    | Noticed a soul eater
 17745 | Orc:2    | Paralysed by an orc sorcerer for 2 turns
 17870 | Orc:2    | Noticed an orc high priest
 17886 | Orc:2    | Killed an orc high priest
 17902 | Orc:2    | Noticed a soul eater
 17909 | Orc:2    | Killed an orc high priest
 18664 | Orc:2    | Reached XP level 13. HP: 69/98 MP: 27/27
 19234 | Orc:1    | Found Erriodde's Assorted Antiques.
 19394 | Orc:1    | Noticed an orc warlord
 19433 | Orc:2    | Killed an orc warlord
 19568 | Orc:1    | Bought a pair of embroidered gloves for 232 gold pieces
 19781 | Orc:2    | Noticed an orc warlord
 20260 | Orc:2    | Killed an orc warlord
 20280 | Orc:2    | Found Befonot's Antique Armour Emporium.
 20280 | Orc:2    | Found Xidelyig's Antique Weapon Emporium.
 20284 | Orc:2    | Found Lufus's General Store.
 20284 | Orc:2    | Found Toucehou's Book Shoppe.
 20424 | Orc:2    | Bought a scroll of acquirement for 728 gold pieces
 20425 | Orc:2    | Acquired the ring "Ecvit" {Wiz Will+ Dex+4}
 20432 | Orc:2    | Bought a scroll of magic mapping for 49 gold pieces
 20443 | Orc:2    | Bought a jewelled war axe for 238 gold pieces
 20443 | Orc:2    | Identified the +4 war axe of Glory {vamp, *Slow +Blink rF++
                  | Int+9} (You bought it in a shop on level 2 of the Orcish
                  | Mines)
 20445 | Orc:2    | Bought a crystal mace for 224 gold pieces
 20445 | Orc:2    | Identified the +6 mace "Eplenuw" {holy, Will+ Str+2} (You
                  | bought it in a shop on level 2 of the Orcish Mines)
 20447 | Orc:2    | Bought a warped dagger for 196 gold pieces
 20447 | Orc:2    | Identified the +6 dagger "Hyrphef" {flame, rF- rN++ Dex+3}
                  | (You bought it in a shop on level 2 of the Orcish Mines)
 20779 | Lair:1   | Entered Level 1 of the Lair of Beasts
 20837 | Lair:1   | Reached skill level 11 in Spellcasting
 21043 | Lair:1   | Noticed Gastronok
 21061 | Lair:1   | Killed Gastronok
 21839 | Lair:1   | Learned a level 3 spell: Ozocubu's Armour
 22827 | Lair:3   | Reached skill level 10 in Dodging
 22866 | Lair:3   | Found a staircase to the Snake Pit.
 22879 | Lair:3   | Found a blossoming altar of Fedhas.
 22888 | Lair:3   | Reached XP level 14. HP: 87/106 MP: 10/29
 23512 | Lair:3   | Reached skill level 10 in Stealth
 23978 | Lair:4   | Reached skill level 10 in Invocations
 24215 | Lair:4   | Found a staircase to the Shoals.
 24833 | Lair:4   | Identified the ring "Ipeejee" {rF+ Slay+4}
 25260 | Lair:5   | Reached ***** piety under Sif Muna
 25495 | Lair:5   | Found a viscous altar of Jiyva.
 25496 | Lair:5   | Found a staircase to the Slime Pits.
 26140 | Lair:6   | Entered Level 6 of the Lair of Beasts
 26157 | Lair:6   | Received a gift from Sif Muna
 26180 | Lair:6   | Got Gorphikk's Reference Book on Evil Arts and Conjuration
                  | {god gift}
 26433 | Lair:6   | Reached skill level 12 in Spellcasting
 26442 | Lair:6   | Reached XP level 15. HP: 53/115 MP: 24/31
 27041 | Lair:6   | Identified the +6 giant spiked club of Qyilot {holy, rElec
                  | Int+2}
 27074 | Lair:6   | Reached skill level 10 in Fighting
 27074 | Lair:6   | Reached skill level 10 in Short Blades
 27074 | Lair:6   | Reached skill level 10 in Long Blades
 27074 | Lair:6   | Reached skill level 10 in Axes
 27074 | Lair:6   | Reached skill level 10 in Maces & Flails
 27074 | Lair:6   | Reached skill level 10 in Polearms
 27074 | Lair:6   | Reached skill level 10 in Staves
 27074 | Lair:6   | Reached skill level 10 in Slings
 27074 | Lair:6   | Reached skill level 10 in Bows
 27074 | Lair:6   | Reached skill level 10 in Crossbows
 27074 | Lair:6   | Reached skill level 10 in Throwing
 27074 | Lair:6   | Reached skill level 10 in Armour
 27074 | Lair:6   | Reached skill level 10 in Shields
 27074 | Lair:6   | Reached skill level 10 in Unarmed Combat
 27074 | Lair:6   | Reached skill level 10 in Evocations
 28250 | Orc:2    | Bought a book of Air for 242 gold pieces
 28255 | Orc:2    | Learned a level 4 spell: Airstrike
 28267 | Orc:2    | Bought a pair of embroidered boots for 172 gold pieces
 28279 | Orc:2    | Bought a book of Scorching for 330 gold pieces
 28413 | D:12     | Learned a level 4 spell: Olgreb's Toxic Radiance
 29038 | D:13     | Killed Rupert
 29354 | D:12     | Found the +0 staff of Battle
 29372 | D:12     | Found a radiant altar of Vehumet.
 29968 | D:13     | Learned a level 6 spell: Summon Cactus Giant
 30699 | D:14     | Found a gate to the Vaults.
 30735 | D:14     | Reached XP level 16. HP: 119/123 MP: 6/32
 30751 | D:14     | Noticed Nessos
 30758 | D:14     | Killed Nessos
 30782 | D:14     | Found a frozen archway.
 30785 | IceCv    | Entered an ice cave
 31328 | IceCv    | HP: 2/124 [ironbound frostheart/creeping frost (17)]
 32194 | IceCv    | Learned a level 5 spell: Fireball
 32516 | D:14     | Reached skill level 13 in Spellcasting
 32536 | D:14     | Found the +3 pair of seven-league boots {Rampage+∞}
 32655 | D:14     | Hit by a large rock thrown by a cyclops

Illustrated notes

Levels and vault maps discovered:
D:1:      onia_arrival_zoo_common, layout_rooms, grunt_decor_mini_mirrors,
          chequers_serial_rivers_micro_a
D:2:      layout_loops_corners, hellmonk_ecumenical_altar_leap_of_faith
D:3:      layout_basic, nicolae_ashenzari_panopticon, serial_shops,
          nicolae_shop_competitors_out_of_business, gammafunk_ghost_cemetery
D:4:      layout_gridville, uniq_menkaure
D:5:      minmay_diamond_boxcup, layout_basic, elyvilon_altar_3,
          minmay_temple_entry_overgrown
D:6:      layout_cave_pools, mainiacjoe_overflow_catwalk,
          mainiacjoe_overflow_alcove_1, serial_gnoll_camp,
          gnoll_camp_mini_basic, gnoll_camp_huts_basic, gnoll_camp_mini_house,
          gnoll_camp_mini_basic, minmay_misc_feat_rows
D:7:      layout_loops_ring, mainiacjoe_overflow_tiny_flanked
D:8:      layout_loops_ring, general_overflow_altar
D:9:      layout_basic, mainiacjoe_overflow_chevrons, david_lair_generic
D:10:     layout_cross, chequers_avenue, nicolae_stop_n_shop_2,
          roderic_roman_lattice
D:11:     dreamdust_isle_of_ice, layout_rooms, orc_0_dummy, serial_shops, shop
D:12:     layout_basic, vehumet_altar_wand_db, uniq_rupert
D:13:     layout_loops_ring
D:14:     layout_irregular_city, erik_vaults_1, gauntlet_entry_generic,
          portal_ice_cave_entry_horrid_things, hangedman_decor_points,
          maelrawn_ghost_gauntlet_escape,
          hellmonk_guarded_unrand_seven_league_boots, uniq_nessos
Temple:   regret_index_temple_generic_petals
Lair:1:   layout_cave_shapes, nicolae_quartered_pool_super, grunt_megastairs_3,
          serial_bayou_shore_b, lemuel_fruit_fields, uniq_gastronok
Lair:2:   layout_chaotic_city
Lair:3:   layout_regular_city, guppyfry_snake_entry_garden, basic_altar,
          beast_lair_carwin_5
Lair:4:   layout_regular_city, elwin_shoals_entry_rooms
Lair:5:   layout_cave_pods, slime_altar_1
Lair:6:   hangedman_lair_tendril_chambers, layout_regular_city,
          guppyfry_lair_end_dragon, minmay_lindwurm_lava
Orc:1:    layout_diamond_mine, serial_shops, shop, nicolae_shop_window_shopping,
          nicolae_orc_lost_temple
Orc:2:    st_orc_congregation, layout_diamond_mine, nicolae_orc_tapped_out

Skill      XL: |  1  2  3  4  5  6  7  8  9 10 11 12 13 14 15 16 |
---------------+-------------------------------------------------+-----
Conjurations   | 2 3 4 5 6 7 8 9 |  9.5
Summonings     | 2 3 4 5 6 7 8 9 |  9.5
Translocations | 2 3 4 5 6 7 8 9 |  9.5
Invocations    | 1 2 3 4 5 6 7 8 9 10 11 12 | 12.0
Fighting       | 1 2 3 4 5 6 7 8 9 10 11 | 11.0
Short Blades   | 1 2 3 4 5 6 7 8 9 10 11 | 11.0
Long Blades    | 1 2 3 4 5 6 7 8 9 10 11 | 11.0
Axes           | 1 2 3 4 5 6 7 8 9 10 11 | 11.0
Maces & Flails | 1 2 3 4 5 6 7 8 9 10 11 | 11.0
Polearms       | 1 2 3 4 5 6 7 8 9 10 11 | 11.0
Staves         | 1 2 3 4 5 6 7 8 9 10 11 | 11.0
Slings         | 1 2 3 4 5 6 7 8 9 10 11 | 11.0
Bows           | 1 2 3 4 5 6 7 8 9 10 11 | 11.0
Crossbows      | 1 2 3 4 5 6 7 8 9 10 11 | 11.0
Throwing       | 1 2 3 4 5 6 7 8 9 10 11 | 11.0
Armour         | 1 2 3 4 5 6 7 8 9 10 11 | 11.0
Shields        | 1 2 3 4 5 6 7 8 9 10 11 | 11.0
Unarmed Combat | 1 2 3 4 5 6 7 8 9 10 11 | 11.0
Evocations     | 1 2 3 4 5 6 7 8 9 10 11 | 11.0
Hexes          | 1 2 3 4 5 6 7 8 9 |  9.3
Necromancy     | 1 2 3 4 5 6 7 8 9 |  9.3
Transmutations | 1 2 3 4 5 6 7 8 9 |  9.3
Fire Magic     | 1 2 3 4 5 6 7 8 9 |  9.3
Ice Magic      | 1 2 3 4 5 6 7 8 9 |  9.3
Air Magic      | 1 2 3 4 5 6 7 8 9 |  9.3
Earth Magic    | 1 2 3 4 5 6 7 8 9 |  9.3
Poison Magic   | 1 2 3 4 5 6 7 8 9 |  9.3
Dodging        | 5 6 7 8 9 10 11 | 11.9
Stealth        | 5 6 7 8 9 10 11 | 11.8
Spellcasting   | 8 9 10 11 12 13 | 13.0

Action                   |  1- 3 |  4- 6 |  7- 9 | 10-12 | 13-15 | 16-18 || total
-------------------------+-------+-------+-------+-------+-------+-------++-------
Melee: Dagger            |    76 |    74 |       |       |       |       ||   150
       Bite              |     6 |    12 |    26 |    50 |   163 |    37 ||   294
       Punch             |     1 |     1 |     8 |       |       |       ||    10
       Short sword       |       |     7 |    58 |       |       |       ||    65
       War axe           |       |       |   123 |   359 |   887 |   177 ||  1546
       Mace              |       |       |       |       |   120 |       ||   120
Throw: Dart              |       |       |       |     4 |     1 |       ||     5
 Cast: Magic Dart        |    15 |     1 |     2 |     8 |     1 |       ||    27
       Call Imp          |       |     4 |     2 |    11 |     7 |       ||    24
       Searing Ray       |       |    11 |    27 |    19 |     1 |       ||    58
       Blink             |       |     3 |     7 |    34 |    23 |    10 ||    77
       Mephitic Cloud    |       |       |    14 |    65 |    39 |    12 ||   130
       Stone Arrow       |       |       |       |    38 |     5 |       ||    43
       Cause Fear        |       |       |       |     4 |       |       ||     4
       Fulminant Prism   |       |       |       |    22 |    50 |       ||    72
       Passwall          |       |       |       |     2 |       |     7 ||     9
       Summon Horrible T |       |       |       |     1 |     4 |       ||     5
       Ozocubu's Armour  |       |       |       |       |     5 |     2 ||     7
       Discord           |       |       |       |       |     1 |       ||     1
       Conjure Ball Ligh |       |       |       |       |    17 |       ||    17
       Summon Cactus Gia |       |       |       |       |     9 |    21 ||    30
       Olgreb's Toxic Ra |       |       |       |       |     7 |    20 ||    27
       Airstrike         |       |       |       |       |     7 |       ||     7
       Enfeeble          |       |       |       |       |     1 |       ||     1
       Fireball          |       |       |       |       |       |     3 ||     3
Invok: Channel Magic     |       |       |       |     2 |     2 |     2 ||     6
       Divine Exegesis   |       |       |       |     1 |     6 |       ||     7
Evoke: Wand              |       |       |       |    13 |     5 |     6 ||    24
       Phial of floods   |       |       |       |       |     1 |     2 ||     3
  Use: Scroll            |       |       |     9 |    11 |    12 |    11 ||    43
       Potion            |       |       |     6 |     9 |     3 |     3 ||    21
 Stab: Sleeping          |    12 |     3 |    10 |     3 |    15 |     1 ||    44
       Confused          |       |       |     8 |    38 |    18 |     4 ||    68
       Distracted        |       |       |     3 |     1 |     6 |     5 ||    15
       Fleeing           |       |       |       |     1 |       |       ||     1
       Paralysed         |       |       |       |       |     6 |     3 ||     9
Armor: Leather armour    |    15 |    33 |    27 |       |       |       ||    75
       Robe              |       |       |    57 |    30 |       |       ||    87
       Acid dragon scale |       |       |       |    57 |   115 |       ||   172
       Troll leather arm |       |       |       |       |    37 |    46 ||    83
       Swamp dragon scal |       |       |       |       |    32 |       ||    32
       Ice dragon scales |       |       |       |       |       |     3 ||     3
Dodge: Dodged            |    48 |    68 |   188 |   310 |   834 |   216 ||  1664
       Repelled          |       |       |       |     4 |     6 |     5 ||    15
Block: Buckler           |       |       |     3 |   139 |   174 |   159 ||   475
       Kite shield       |       |       |       |       |   849 |       ||   849
       Reflection        |       |       |       |       |    23 |    15 ||    38

Table legend: (Time is in decaauts)
 A = Elapsed time spent in this place.
 B = Non-inter-level travel time spent in this place.
 C = Inter-level travel time spent in this place.
 D = Time resting spent in this place.
 E = Time spent auto-exploring this place.
 F = Levels seen in this place.
 G = Mean time per level.
                   A        B        C        D        E       F      G
               +--------+--------+--------+--------+--------+-----+--------+
         Total |  32976 |  31736 |   1240 |   8002 |  12578 |  24 | 1374.0 |
       Dungeon |  19004 |  18239 |    765 |   4504 |   8110 |  14 | 1357.4 |
        Temple |    237 |    209 |     28 |      0 |    176 |   1 |  237.0 |
          Lair |   7426 |   7190 |    236 |    948 |   3632 |   6 | 1237.7 |
  Orcish Mines |   4612 |   4403 |    209 |   1839 |    641 |   2 | 2306.0 |
      Ice Cave |   1695 |   1695 |      0 |    711 |     18 |   1 | 1695.0 |
               +--------+--------+--------+--------+--------+-----+--------+

Top non-repeatable levels by time:
   Orc:2: 2892 daAuts
    D:11: 2602 daAuts
     D:3: 1922 daAuts
  Lair:6: 1894 daAuts
    D:10: 1886 daAuts
     D:5: 1838 daAuts
   Orc:1: 1720 daAuts
   IceCv: 1695 daAuts
    D:13: 1524 daAuts
     D:4: 1432 daAuts
  Lair:4: 1357 daAuts
  Lair:1: 1263 daAuts
     D:9: 1261 daAuts
     D:7: 1181 daAuts
     D:8: 1128 daAuts
